 Dungeon Crawl Stone Soup version 0.28.0-53-g5a82cb258f (webtiles) character file.

Game seed: 11435868240638215894

16 fotan the Conjurer (level 2, -4/19 HPs)
             Began as a Human Conjurer on Aug 7, 2022.
             Splashed by a jelly's acid (9 damage)
             ... on level 4 of the Dungeon.
             The game lasted 00:07:12 (415 turns).

fotan the Conjurer (Human Conjurer)                  Turns: 415, Time: 00:07:13

Health: -4/19      AC:  2    Str:  6 (7)  XL:     2   Next: 75%
Magic:  0/5        EV: 12    Int: 16 (18) God:
Gold:   25         SH:  0    Dex:  8 (11) Spells: 4/5 levels left

rFire   . . .      SeeInvis .   c - +0 dagger (holy)
rCold   . . .      Faith    .   (no shield)
rNeg    . . .      Spirit   +   a - +0 robe
rPois   .          Reflect  .   (no helmet)
rElec   .          Harm     .   (no cloak)
rCorr   .          Rampage  .   (no gloves)
Will    .....                   (no boots)
Stlth   ++........              d - amulet of guardian spirit
HPRegen 0.06/turn               f - ring of flight
MPRegen 0.09/turn               (no ring)

@: flying, very slightly contaminated
A: no striking features
a: no special abilities


You were on level 4 of the Dungeon.
You visited 2 branches of the dungeon, and saw 5 of its levels.

You collected 25 gold pieces.

Inventory:

Hand Weapons
 b - a +0 dagger
 c - a +0 dagger of holy wrath (weapon)
Armour
 a - a +0 robe (worn)
Jewellery
 d - an amulet of guardian spirit (around neck)
 f - a ring of flight (left hand)


   Skills:
 + Level 2.0 Dodging
 + Level 2.0 Stealth
 + Level 2.1 Spellcasting
 + Level 4.5 Conjurations


You had 4 spell levels left.
You knew the following spells:

 Your Spells              Type           Power      Damage    Failure   Level
a - Magic Dart            Conj           64%        1d6       3%          1

Your spell library contained the following spells:

 Spells                   Type           Power      Damage    Failure   Level
 Searing Ray              Conj           32%        2d5       4%          2
 Dazzling Flash           Conj/Hex       16%        N/A       24%         3
 Fulminant Prism          Conj/Hex       4%         3d6       63%         4
 Iskenderun's Mystic Bla  Conj/Tloc      8%         2d4       63%         4


Dungeon Overview and Level Annotations

Branches:
Dungeon (4/15)             Temple (1/1) D:4

Altars:
Fedhas
Hepliaklqana
Vehumet
Wu Jian
Yredelemnul


Message History

There is a radiant altar of Vehumet here.
Found a basalt altar of Yredelemnul.
There is a hazy altar of Hepliaklqana here.
You can't see any susceptible monsters within range! (Use Z to cast anyway.)
There is a staircase back to the Dungeon here.
You can't go down here!
You fly upwards.
Welcome back to the Dungeon!
There is a staircase to the Ecumenical Temple here.
Casting: Magic Dart (safe; 3% risk of failure)
Confirm with . or Enter, or press ? or * to list all spells.
Aiming: Magic Dart (safe; 3% risk of failure)
Press: ? - help, Shift-Dir - straight line, f - jelly
Aim: a jelly (100% to hit)
The magic dart hits the jelly.
The jelly is lightly wounded.
Casting: Magic Dart (safe; 3% risk of failure)
Confirm with . or Enter, or press ? or * to list all spells.
Aiming: Magic Dart (safe; 3% risk of failure)
Press: ? - help, Shift-Dir - straight line, f/p - jelly
Aim: a jelly (lightly wounded, 100% to hit)
You miscast Magic Dart.
You are very lightly contaminated with residual magic.
Nothing appears to happen.
The jelly misses you.
Casting: Magic Dart (safe; 3% risk of failure)
Confirm with . or Enter, or press ? or * to list all spells.
Aiming: Magic Dart (safe; 3% risk of failure)
Press: ? - help, Shift-Dir - straight line, f/p - jelly
Aim: a jelly (lightly wounded, 100% to hit)
The magic dart hits the jelly.
The jelly is heavily wounded.
The jelly hits you.
You are splashed with acid!
Casting: Magic Dart (safe; 3% risk of failure)
Confirm with . or Enter, or press ? or * to list all spells.
You don't know that spell.
You hit the jelly but do no damage.
Your hands burn!
The jelly is heavily wounded.
The jelly hits you.
* * * LOW HITPOINT WARNING * * *
You are splashed with acid!
You die...

########
#......#
.####...⌠..#
...........#
......⌠@>.⌠#
.......J...#
........⌠..###
............>#
......####...#
...... #<..#
...... #...#
##..## #...#
#...§§§#


You could see a jelly.

Vanquished Creatures
  An adder (D:3)
  3 goblins (D:2)
  3 rats
7 creatures vanquished.

Vanquished Creatures (collateral kills)
  An endoplasm (D:2)
1 creature vanquished.

Grand Total: 8 creatures vanquished

Notes
Turn   | Place    | Note
-------+----------+-------------------------------------------
     0 | D:1      | fotan the Human Conjurer began the quest for the Orb.
     0 | D:1      | Reached XP level 1. HP: 13/13 MP: 3/3
   136 | D:2      | Reached XP level 2. HP: 12/19 MP: 3/5
   297 | D:4      | Found a staircase to the Ecumenical Temple.
   316 | Temple   | Entered the Ecumenical Temple
   415 | D:4      | Splashed by a jelly's acid

Illustrated notes

Levels and vault maps discovered:
D:1:      dpeg_arrival_line_fractal, layout_rooms,
          ebering_ecumenical_altar_abandoned, serial_corexii_hall,
          chequers_hall_statues_y, corexii_hall_statues_l, serial_shops,
          shop_fountains, palyth_stone_intersect
D:2:      layout_basic
D:3:      layout_basic, lemuel_doored_altar, mainiacjoe_overflow_tiny_flanked,
          minmay_misc_feat_secret_circle, uniq_terence, uniq_robin
D:4:      minmay_razor_zed, layout_rooms, nicolae_ashenzari_panopticon,
          temple_fountains, serial_shops, shop, saegor_snake_ambush
Temple:   minmay_crystal_spiral_temple

Action                   || total
-------------------------++-------
Melee: Dagger            ||     8
       Unarmed           ||     1
 Cast: Magic Dart        ||    11
  Use: Scroll            ||     3
       Potion            ||     1
Armor: Robe              ||     1
Dodge: Dodged            ||     4
